FIQ, neutral male scurrid Tourist }} ---- }}}}}}}- }}}}}}} }}.... }}}}}. ....h }...... .<.r. FIQ the Rambler Experience level: 1 Strength: 11 Dexterity: 11 Constitution: 14 Intelligence: 12 Wisdom: 8 Charisma: 19 Health: 0(9) Energy: 2(2) Def: 0 Gold: 625 Moves: 71 Dungeon seed: pqXpu4h6rVvFBI4B Game ID: FIQ_1498602726 Your Inventory: Coins $ - 625 gold pieces Weapons a - 38 uncursed +2 darts (in quiver) Armor e - an uncursed burnt +0 Hawaiian shirt (being worn) Comestibles b - 6 uncursed food rations c - an uncursed carrot d - an uncursed fortune cookie f - an uncursed chestnut g - an uncursed tripe ration h - an uncursed egg Scrolls j - 4 uncursed scrolls of magic mapping Potions i - 2 uncursed potions of extra healing Wands m - an uncursed wand of secret door detection (0:15) o - an uncursed wand of probing (0:6) Tools k - an uncursed expensive camera (0:69) l - an uncursed credit card n - an uncursed tin opener Spells and supernatural/magical abilities: Name Level Category Fail Memory W - pray for help -- divine ? -- Your skills at the end: Miscellaneous Skills wands [Basic] Weapon Skills dart [Basic] Spellcasting Skills Final Attributes: You were devoutly aligned. You had infravision. You were very stealthy. You are dead. Voluntary challenges: You went without food. You did not adorn yourself with jewelry or accessories. You did not cause conflict. You were not invisible. You did not have reflection. You were not displaced. You were an atheist. You never hit with a wielded weapon. You were a pacifist. You did not use tools. You did not use plumbed fixtures. You did not drink any magical draughts. You were illiterate. You never genocided any monsters. You never polymorphed an object. You never changed form. You used no wishes. You never split a pudding. You never wrote Elbereth's name. You never violated your personal moral code. Dungeon overview: The Dungeons of Doom: levels 1 to 28 Level 1 a long staircase Level 2 a fountain Level 3 Level 4 Level 5 Level 6 a fountain Level 7 Level 8 Level 9 Level 10 Level 11 Level 12 Level 13 Level 14 Level 15 Level 16 Level 17 a fountain Level 18 Level 19 Level 20 Level 21 Level 22 Level 23 Level 24 Level 25 Level 26 Level 27 Level 28 <- You were here History has recorded: On T:1 you entered the Dungeons of Doom to retrieve the Amulet of Yendor! On T:4 you reached level 2 of The Dungeons of Doom. On T:7 you reached level 3 of The Dungeons of Doom. On T:9 you reached level 4 of The Dungeons of Doom. On T:11 you reached level 5 of The Dungeons of Doom. On T:13 you reached level 6 of The Dungeons of Doom. On T:16 you reached level 7 of The Dungeons of Doom. On T:18 you reached level 8 of The Dungeons of Doom. On T:20 you reached level 9 of The Dungeons of Doom. On T:22 you reached level 10 of The Dungeons of Doom. On T:26 you reached level 11 of The Dungeons of Doom. On T:28 you reached level 12 of The Dungeons of Doom. On T:31 you reached level 13 of The Dungeons of Doom. On T:33 you reached level 14 of The Dungeons of Doom. On T:35 you reached level 15 of The Dungeons of Doom. On T:37 you reached level 16 of The Dungeons of Doom. On T:40 you reached level 17 of The Dungeons of Doom. On T:42 you reached level 18 of The Dungeons of Doom. On T:42 you entered the Rogue tribute level. On T:44 you reached level 19 of The Dungeons of Doom. On T:48 you reached level 20 of The Dungeons of Doom. On T:50 you reached level 21 of The Dungeons of Doom. On T:52 you reached level 22 of The Dungeons of Doom. On T:55 you reached level 23 of The Dungeons of Doom. On T:57 you reached level 24 of The Dungeons of Doom. On T:59 you reached level 25 of The Dungeons of Doom. On T:61 you reached level 26 of The Dungeons of Doom. On T:64 you reached level 27 of The Dungeons of Doom. On T:66 you reached The Castle. Score breakdown: Gold: 101 ( 10 points) Experience: 1 level ( 0 points) Exploration: 28 levels ( 810 points) Discoveries: 2 items ( 100 points) Variety of kills: 0 monsters ( 0 points) Major goal: (nothing yet) ( 0 points) Survival: died (score multiplied by 3) Total score: 2760 Latest messages: You start digging downward. You continue digging downward. You dig a pit in the floor. You continue digging downward. You dig a hole through the floor. You fall through... That command is only available in debug mode. You have no weapon equipped. You start digging downward. It is missed. Something is hit. You continue digging downward. You dig a pit in the floor. A wave of psychic energy washes around you. Something is hit! Something is hit. You continue digging downward. The floor here is too hard to dig in. You continue digging downward. The floor here is too hard to dig in. You continue digging downward. The floor here is too hard to dig in. The master mind flayer zaps a jeweled wand! The bolt of fire hits you! Your shirt smoulders! You die... Final status: Aloha FIQ the Tourist, killed by a bolt of fire... You died in The Dungeons of Doom on dungeon level 28 with 2760 points, and 625 pieces of gold, after 71 moves. You were level 1 with a maximum of 9 hit points when you died.